[Event "*** SCC Grand Prix: Titled Tuesday Blitz"]
[Site "Chess.com"]
[Date "2020.07.14"]
[Round "2"]
[White "iaraldinho"]
[Black "Gabix_94"]
[Result "0-1"]
[WhiteElo "2547"]
[BlackElo "2909"]
[TimeControl "180+1"]
[EndTime "10:18:08 PDT"]
[Termination "Gabix_94 won by resignation"]

1. e4 c5 2. Nf3 e6 3. d4 cxd4 4. Nxd4 Nc6 5. Nc3 Qc7 6. Be2 Nf6 7.
O-O a6 8. Be3 Bb4 9. Na4 O-O 10.
Nxc6 bxc6 11. Nb6 Rb8 12. Nxc8 Rfxc8 13. Bxa6 Rd8 14. Bd3 Bd6 15. h3 Rxb2 16. Qc1 Rbb8 17. a4 Be5 18. c3 Qa5 19. Bd2 d5 20. f4 Bc7 21. e5 Nd7 22. Kh1 g6 23. c4 Qa7 24. a5 d4 25. Be4 Nc5 26. Bxc6 Nb3 27. Qc2 d3 28. Qc3 Qc5 29. Bb5 Nxa1 30. Rxa1 Ra8 31. a6 Bb6 32. Qa3 Qd4 33. Qc3 Qe4 34. Re1 Qd4 35. Qxd4 Bxd4 36. Rd1 f6 37. Ba5 Bc5 38.
Bxd8 Rxd8 39. exf6 Kf7 40. g4 Kxf6 41. Kg2 e5 42.
Kf3 Bb6 43. fxe5+ Kxe5 44. Ra1 Kd4 45. Ra3 Rf8+ 46. Kg2 Bc5 47. Ra1 d2 48. Bc6 Kxc4 49. Bf3 Rf7 50. Rd1 Kc3 51. Ra1 Bd4 52. Bd5 Rf2+ 53.
Kg3 Re2 54. Bf3 Re3 55. Kf4 g5+ 56. Kg3 Kc2 57. h4 Bxa1 58. a7 Rxf3+ 0-1

[Event "*** SCC Grand Prix: Titled Tuesday Blitz"]
[Site "Chess.com"]
[Date "2020.07.14"]
[Round "2"]
[White "AccioChess"]
[Black "VladimirBelous"]
[Result "0-1"]
[WhiteElo "2476"]
[BlackElo "2727"]
[TimeControl "180+1"]
[EndTime "10:18:08 PDT"]
[Termination "VladimirBelous won by resignation"]

1. e4 c5 2. Nf3 Nc6 3. Nc3 d6 4. d4 cxd4 5. Nxd4 Nf6 6. Be2 e5 7. Nb3 Be6 8. O-O d5 9. exd5 Nxd5 10. Nxd5 Bxd5 11. Be3 Be7 12. c4 Be6 13. Nc5 Bxc5 14.
Bxc5 Qxd1 15. Rfxd1 f6 16. b4 Kf7 17. b5 Na5 18.
Be3 Bxc4 19. Bxc4+ Nxc4 20. Rd7+ Kg6 21. Rxb7 Rhb8 22.
Rxb8 Rxb8 23. a4 Nxe3 24. fxe3 Rc8 25. a5 Rb8 26. Rb1 Kf5 27. b6 axb6 28. Rxb6 Rc8 29. Rb7 g5 30. a6 h5 31. a7 Rc1+ 32. Kf2 Ra1 33. Ke2 Ke4 34. Rb4+ Kd5 35. Rb7 Ra3 36. Rf7 Ke4 37. Rxf6 Rxa7 38. Rf3 g4 39. Rg3 Ra2+ 40. Kf1 Ra1+ 41. Kf2 Ra4 42. h3 Kf5 43. hxg4+ hxg4 44. Kf1 e4 45. Kf2 Kg5 46. Kg1 Kh4 47. Kh2 Ra2 0-1

[Event "*** SCC Grand Prix: Titled Tuesday Blitz"]
[Site "Chess.com"]
[Date "2020.07.14"]
[Round "2"]
[White "GameOverBro"]
[Black "dalmatinac101"]
[Result "1/2-1/2"]
[WhiteElo "2511"]
[BlackElo "2791"]
[TimeControl "180+1"]
[EndTime "10:18:09 PDT"]
[Termination "Game drawn by repetition"]

1. e4 c5 2. Ne2 d6 3. g3 d5 4. Bg2 dxe4 5. Bxe4 Nf6 6. Bg2 Nc6 7. Nbc3 e5 8. d3 h6 9. O-O Be7 10. f4 O-O 11. h3 exf4 12. Nxf4 Nd4 13. Be3 a5 14. a4 Ra6 15. Qd2 Re8 16. Rae1 Bf8 17. b3 Rd6 18. g4 b6 19. Qf2 Bxg4 20. hxg4 Nxg4 21. Qg3 Nxe3 22.
Rxe3 Rxe3 23. Qxe3 Nxc2 24. Qf2 Nb4 25. Ncd5 Nxd5 26. Nxd5 Qd7 27. Qf3 Rg6 28. Kh1 Rg5 29.
Qe4 Rh5+ 30. Kg1 c4 31. bxc4 Qxa4 32. Qf3 Bc5+ 33. Ne3 Re5 34. Qxf7+ Kh8 35. Be4 Bxe3+ 36. Kh1 Rxe4 37. Qf8+ Kh7 38. Qf5+ Kh8 39. Qf8+ Kh7 40.
Qf5+ Kh8 41. Qxe4 Bc5 42. Qa8+ Kh7 43. Qe4+ Kh8 44. Qa8+ Kh7 45. Qe4+ Kh8 1/2-1/2

[Event "*** SCC Grand Prix: Titled Tuesday Blitz"]
[Site "Chess.com"]
[Date "2020.07.14"]
[Round "2"]
[White "JonahWillow"]
[Black "profofchess"]
[Result "1-0"]
[WhiteElo "2717"]
[BlackElo "2476"]
[TimeControl "180+1"]
[EndTime "10:18:09 PDT"]
[Termination "JonahWillow won on time"]

1. e4 e6 2. d4 d5 3. Nd2 Nf6 4. e5 Nfd7 5. c3 c5 6. f4 Nc6 7. Ndf3 Qb6 8. g3 cxd4 9. cxd4 Bb4+ 10. Kf2 g5 11. Ne2 Rg8 12. Kg2 gxf4 13. Nxf4 Be7 14. b3 Nf8 15. Be3 Ng6 16. Nxg6 fxg6 17. Bd3 Bd7 18.
Rf1 O-O-O 19. Qe2 Rdf8 20. Rac1 Kb8 21. h4 Nb4 22. Rf2 Nxd3 23. Qxd3 Bb5 24. Qd2 Rf7 25. Bg5 Bxg5 26. Nxg5 Rf5 27. g4 Rxf2+ 28. Qxf2 h6 29. Qf7 Re8 30. Nh7 a6 31. Nf6 Rc8 32. Rxc8+ Kxc8 33.
Qf8+ Kc7 34. Qe7+ Kb8 35. Qb4 Ka7 36. a4 Bc6 37. Qxb6+ Kxb6 38. Ng8 h5 39. gxh5 gxh5 40. Nf6 Ka5 41. Nxh5 Kb4 42. Ng7 Kxb3 43. h5 1-0

[Event "*** SCC Grand Prix: Titled Tuesday Blitz"]
[Site "Chess.com"]
[Date "2020.07.14"]
[Round "2"]
[White "Forantes"]
[Black "Shubinkirill2003"]
[Result "0-1"]
[WhiteElo "2358"]
[BlackElo "2634"]
[TimeControl "180+1"]
[EndTime "10:18:09 PDT"]
[Termination "Shubinkirill2003 won by resignation"]

1. Nf3 Nf6 2. g3 b5 3. Bg2 Bb7 4. d4 e6 5. O-O c5 6. c4 bxc4 7.
Nc3 d5 8. Ne5 cxd4 9. Qxd4 Nc6 10. Nxc6 Bxc6 11. e4 Be7 12. exd5 exd5 13. Rd1 O-O 14.
Bf4 Qb6 15. Qxb6 axb6 16. Nxd5 Nxd5 17. Bxd5 Bxd5 18. Rxd5 Bc5 19. Bc7 Rfe8 20. Rd2 h5 21.
a3 Re6 22. Rad1 Kh7 23. Rc2 Rc8 24. Bf4 b5 25. Rd5 g6 26. Kg2 Re7 27. b3 Bxa3 28.
bxc4 bxc4 29. Rd4 c3 30. Rd3 Bb2 31. Bd6 Rd7 32. Rd4 Rcd8 33. Rf4 Rxd6 34. Rxf7+ Kh6 35. Re2 R6d7 36. Rf3 Rc8 37. Re6 c2 0-1

[Event "*** SCC Grand Prix: Titled Tuesday Blitz"]
[Site "Chess.com"]
[Date "2020.07.14"]
[Round "2"]
[White "r31415"]
[Black "czasnaszachy"]
[Result "1-0"]
[WhiteElo "2446"]
[BlackElo "2240"]
[TimeControl "180+1"]
[EndTime "10:18:09 PDT"]
[Termination "r31415 won by checkmate"]

1. e4 c5 2. Nf3 e6 3. d4 cxd4 4. Nxd4 Nc6 5. Nb5 d6 6. c4 Nf6 7. N5c3 Be7 8. Be2 O-O 9. O-O a6 10. Bf4 b6 11. Na3 Bb7 12. Qd2 Rc8 13. f3 Qc7 14. Rac1 Rfd8 15. Rfd1 Ne8 16. Nd5 exd5 17.
cxd5 b5 18. dxc6 Bxc6 19. Nc2 Qb6+ 20. Be3 Qb7 21. Nb4 Bd7 22. Nd5 Be6 23. Bb6 Rd7 24. Rxc8 Qxc8 25. Rc1 Qb7 26. Nxe7+ Rxe7 27. Ba5 d5 28. e5 Rd7 29. Qd4 h6 30. Bd3 g6 31.
Kf2 Kg7 32. f4 Kh7 33. h3 Ng7 34. g4 h5 35. gxh5 Nxh5 36. f5 Bxf5 37. Bxf5 gxf5 38.
Rg1 Qc6 39. Bc3 Qh6 40. e6 fxe6 41. Qh8# 1-0

[Event "*** SCC Grand Prix: Titled Tuesday Blitz"]
[Site "Chess.com"]
[Date "2020.07.14"]
[Round "2"]
[White "theblitzchamp"]
[Black "CroissantNeuf"]
[Result "1-0"]
[WhiteElo "2644"]
[BlackElo "2407"]
[TimeControl "180+1"]
[EndTime "10:18:10 PDT"]
[Termination "theblitzchamp won by resignation"]

1. d4 d5 2. Bf4 c5 3. e3 cxd4 4. exd4 Nc6 5. c3 f6 6. Nf3 g5 7.
Bg3 h5 8. h3 Nh6 9. Bd3 Nf5 10.
Qc2 Nxg3 11. Bg6+ Kd7 12. fxg3 Qc7 13. Qf2 e6 14. Nbd2 Bd6 15. Nf1 b6 16. O-O-O Ba6 17. Kb1 Bxf1 18. Rhxf1 Bxg3 19. Qe2 g4 20. Ne1 f5 21.
Nd3 Raf8 22. hxg4 hxg4 23. Rh1 Ne7 24. Bh5 Rf6 25. Qe3 Rfh6 26. Be8+ Kxe8 27. Rxh6 Rxh6 28.
Qxh6 Kd7 29. Rd2 a5 30. Re2 Qd6 31. Qg7 a4 32. a3 Ke8 33. Qf6 Kd7 34. Qf7 Bh2 35.
Ka2 Bg3 36. Qh7 Qc6 37. Kb1 Qc4 38. Re3 f4 39. Ne5+ 1-0

[Event "*** SCC Grand Prix: Titled Tuesday Blitz"]
[Site "Chess.com"]
[Date "2020.07.14"]
[Round "2"]
[White "Ariadna_Atreides"]
[Black "Tactictic"]
[Result "0-1"]
[WhiteElo "2079"]
[BlackElo "2380"]
[TimeControl "180+1"]
[EndTime "10:18:10 PDT"]
[Termination "Tactictic won by resignation"]

1. d4 Nf6 2. Nf3 d5 3. e3 c5 4. Bd3 Nc6 5. b3 e6 6. O-O Bd6 7. Bb2 O-O 8. Nbd2 cxd4 9. Nxd4 e5 10. Nxc6 bxc6 11. c4 Re8 12. Rc1 d4 13. c5 Bc7 14.
e4 Ba5 15. Nc4 Bc7 16. Ba3 a5 17. Nd6 Re7 18. Nxc8 Rxc8 19. f3 Nh5 20. g3 Re6 21. Rc2 Rg6 22. Rg2 Qg5 23. Bc1 Nf4 24. Bxf4 exf4 25.
e5 fxg3 26. Bxg6 hxg6 27. f4 gxh2+ 28. Kh1 Qd8 29. Rxh2 Qd5+ 30. Qf3 Rd8 31. Qxd5 Rxd5 32. Rd2 g5 33. fxg5 Bxe5 34. Rg1 Bf4 35. Rd3 Be3 36.
Re1 Rxc5 37. Rexe3 dxe3 38. Rxe3 Rxg5 39. Re8+ Kh7 40.
Rc8 Rc5 41. Kg2 Rc2+ 42. Kf3 Rxa2 43. Rxc6 Ra3 44. Rb6 a4 45. Kg4 Rxb3 46. Kg5 Rxb6 0-1

[Event "*** SCC Grand Prix: Titled Tuesday Blitz"]
[Site "Chess.com"]
[Date "2020.07.14"]
[Round "2"]
[White "bascheyaro"]
[Black "DariaVoit"]
[Result "1-0"]
[WhiteElo "2699"]
[BlackElo "2465"]
[TimeControl "180+1"]
[EndTime "10:18:11 PDT"]
[Termination "bascheyaro won on time"]

1. d4 Nf6 2. c4 e6 3. Nf3 b6 4.
g3 Bb7 5. Bg2 Be7 6. O-O O-O 7. b3 d5 8. Ne5 Nfd7 9. Nc3 Nxe5 10. dxe5 c6 11. f4 Na6 12. cxd5 cxd5 13. Be3 Bc5 14.
Bd4 Bxd4+ 15. Qxd4 Qd7 16. e4 Rfd8 17. exd5 exd5 18.
f5 Rac8 19. f6 g6 20. Rae1 Nc5 21. Qd2 Ne6 22. Bh3 Kh8 23. Qh6 Rg8 24. Ne2 Ba6 25. Bxe6 Qxe6 26. Nd4 Qg4 27. Rf4 Qh5 28. Qxh5 gxh5 29.
e6 Rge8 30. Kf2 Bd3 31. Re5 Bg6 32. e7 h6 33. Rxd5 Kh7 34. Rd7 Bb1 35. g4 h4 36. Rd5 Kg6 37. Nf3 Rc2+ 38. Ke1 Bxa2 39. Nxh4+ Kh7 40. Rd8 Rc8 41. Rxc8 Rxc8 42. Rc4 Rg8 43.
Rb4 Bb1 44. Kd2 h5 45. g5 Rc8 46. Rc4 1-0

[Event "*** SCC Grand Prix: Titled Tuesday Blitz"]
[Site "Chess.com"]
[Date "2020.07.14"]
[Round "2"]
[White "latixxa"]
[Black "MateSchmate"]
[Result "0-1"]
[WhiteElo "2104"]
[BlackElo "2393"]
[TimeControl "180+1"]
[EndTime "10:18:11 PDT"]
[Termination "MateSchmate won on time"]

1. d4 c5 2. e3 cxd4 3. exd4 d6 4. Nf3 Nf6 5. Bd3 g6 6. O-O Bg7 7. c3 O-O 8. h3 Nc6 9. Bg5 Bd7 10. Nbd2 Rc8 11.
Re1 Re8 12. Ne4 Nxe4 13. Bxe4 Qc7 14. d5 Ne5 15. Nxe5 Bxe5 16. Qd2 b5 17. Bf4 Bg7 18. Rac1 Qa5 19. a3 Qb6 20. Bh6 a5 21. Bxg7 Kxg7 22. h4 h5 23. g3 Rc7 24. Kg2 Rec8 25. Bd3 e5 26. Kh2 b4 27. axb4 axb4 28. c4 Qd4 29.
b3 Ra8 30. Re4 Qa7 31. Ree1 Qa2 32. Rc2 Qxb3 33. Kg2 Ra3 34. Re3 Qa4 35. Rf3 Bg4 36.
Re3 b3 37. Rb2 Ra2 38. f3 Bc8 39. Re2 Rxb2 40. Qxb2 Ba6 41. f4 Bxc4 42. Bxc4 Qxc4 0-1

[Event "*** SCC Grand Prix: Titled Tuesday Blitz"]
[Site "Chess.com"]
[Date "2020.07.14"]
[Round "2"]
[White "denispopov"]
[Black "qingaunlee"]
[Result "0-1"]
[WhiteElo "1748"]
[BlackElo "2340"]
[TimeControl "180+1"]
[EndTime "10:18:11 PDT"]
[Termination "qingaunlee won by checkmate"]

1. e4 e6 2. b3 c5 3. Bb2 Nc6 4.
Nc3 b6 5. d3 Bb7 6. g3 d6 7.
Bg2 Nf6 8. Nge2 g6 9. O-O Bg7 10.
Re1 O-O 11. d4 cxd4 12. Nxd4 Rc8 13. Ndb5 Ne8 14. Na4 a6 15. Bxg7 Kxg7 16. Nd4 b5 17.
Nb2 Qb6 18. c3 Nf6 19. Nxc6 Qxc6 20. c4 e5 21. cxb5 axb5 22. Rc1 Qxc1 23. Qxc1 Rxc1 24. Rxc1 Bxe4 25. Bxe4 Nxe4 26. Rd1 Rd8 27. Rd3 d5 28. Nd1 d4 29. f3 Nc5 30. Rd2 f5 31. Nc3 b4 32. Ne2 d3 33. Nc1 e4 34. fxe4 fxe4 35. Kf2 Rf8+ 36. Ke3 Rf1 37. Nxd3 exd3 38. Kd4 Rc1 39. h4 Rc2 40. Rd1 d2 41. Ke3 Rxa2 42. Rxd2 Rxd2 43. Kxd2 Nxb3+ 44. Kd3 Nc5+ 45. Kc4 b3 46.
Kc3 Kf6 47. Kb2 Kf5 48. Kc3 Kg4 49. Kb2 Kxg3 50. Kc3 Kxh4 51. Kb2 g5 52. Kc3 g4 53.
Kb2 g3 54. Kc3 g2 55. Kb2 g1=Q 56. Kc3 Qe3+ 57. Kb2 Qd2+ 58. Ka3 b2 59. Ka2 Kg3 60. Kb1 Qc1+ 61. Ka2 Qa1# 0-1

[Event "*** SCC Grand Prix: Titled Tuesday Blitz"]
[Site "Chess.com"]
[Date "2020.07.14"]
[Round "2"]
[White "Batica1984"]
[Black "binbin239"]
[Result "1-0"]
[WhiteElo "2879"]
[BlackElo "2537"]
[TimeControl "180+1"]
[EndTime "10:18:12 PDT"]
[Termination "Batica1984 won by checkmate"]

1. e4 c5 2. Nc3 Nc6 3. Bb5 Nd4 4. Nf3 Nxb5 5. Nxb5 g6 6. d4 Bg7 7. O-O cxd4 8.
Nbxd4 d6 9. c4 Nf6 10. Re1 O-O 11. h3 Qc7 12. b3 a6 13. Bb2 Bd7 14. Rc1 Rac8 15.
Qe2 Qa5 16. Bc3 Qh5 17. a4 Qc5 18. Qd2 b5 19. cxb5 axb5 20. Nxb5 Qh5 21. e5 dxe5 22. Nxe5 Bxb5 23. axb5 Rfd8 24. Qb2 Nd5 25. Bd4 Rxc1 26. Rxc1 Nf4 27. Re1 Qg5 28. g3 Nxh3+ 29. Kf1 Qf5 30. b6 Ng5 31. f4 Ne4 32. Kg2 Nd6 33. Nc6 Qd5+ 34. Kh2 Qxc6 35. Bxg7 Qxb6 36. Bd4 Qc6 37. Qe2 Nf5 38. Ba1 Qd5 39. g4 Nh6 40. Qxe7 Nxg4+ 41. Kg3 Qxb3+ 42. Kxg4 Qb8 43. Qf6 Qc8+ 44. Kh4 h5 45.
Qg7# 1-0

[Event "*** SCC Grand Prix: Titled Tuesday Blitz"]
[Site "Chess.com"]
[Date "2020.07.14"]
[Round "2"]
[White "KNCP_719"]
[Black "AryanTari"]
[Result "0-1"]
[WhiteElo "2533"]
[BlackElo "2878"]
[TimeControl "180+1"]
[EndTime "10:18:12 PDT"]
[Termination "AryanTari won on time"]

1. e4 c6 2. c4 d5 3. cxd5 cxd5 4. exd5 Nf6 5. Qa4+ Nbd7 6. Nc3 g6 7. Nf3 Bg7 8.
Bc4 O-O 9. d3 a6 10. Qa3 b6 11.
O-O Bb7 12. Re1 Re8 13. Qb4 b5 14. Bb3 Nb6 15. Qh4 Nbxd5 16. Ne4 a5 17. a4 Qb6 18. Bh6 Bh8 19. Bg5 bxa4 20. Bxa4 Bc6 21. Bxc6 Qxc6 22. Ne5 Qb5 23. Rab1 Nxe4 24. dxe4 Bxe5 25. exd5 Qxd5 26. Bxe7 Ra6 27. Bg5 Rae6 28. Be3 Qb3 29. h3 h5 30. Qg5 Bf6 31. Qxa5 Re5 32. Qd2 Qc4 33. Qd1 Qe4 34. Qf3 Qxf3 35. gxf3 Rf5 36. Kg2 Rb8 37. b4 Bc3 38.
Rec1 Rxb4 0-1

[Event "*** SCC Grand Prix: Titled Tuesday Blitz"]
[Site "Chess.com"]
[Date "2020.07.14"]
[Round "2"]
[White "Vse_po_kaify"]
[Black "ChronicUnhappiness"]
[Result "0-1"]
[WhiteElo "1986"]
[BlackElo "2353"]
[TimeControl "180+1"]
[EndTime "10:18:12 PDT"]
[Termination "ChronicUnhappiness won on time"]

1. e4 c5 2. Nf3 Nc6 3. d4 cxd4 4. Nxd4 Nf6 5. Nc3 e5 6. Ndb5 d6 7. Bg5 a6 8. Na3 b5 9. Bxf6 gxf6 10. Nd5 Bg7 11. g3 f5 12. Bg2 O-O 13. Qh5 fxe4 14. Bxe4 f5 15. Nf6+ Rxf6 16. Bxc6 Be6 17. Bxa8 Qxa8 18.
O-O-O d5 19. Rhe1 b4 20. Nb1 e4 21. Nd2 Bf7 22. Qe2 d4 23. Nb3 Rd6 24. Kb1 Qd5 25. Qd2 a5 26. Nc1 Qc5 27. f3 e3 28. Rxe3 a4 29.
Re7 Bf6 30. Rb7 Rb6 31. Rxb6 Qxb6 32. Nd3 b3 33. cxb3 axb3 34. a3 Qc6 35. Nb4 Qxf3 36. a4 Kg7 37. a5 Qe4+ 38. Qd3 Qb7 39. Qa6 Qxb4 40. Qb6 Qc4 0-1

[Event "*** SCC Grand Prix: Titled Tuesday Blitz"]
[Site "Chess.com"]
[Date "2020.07.14"]
[Round "2"]
[White "Vaathi_Coming"]
[Black "Canonkasparov"]
[Result "1-0"]
[WhiteElo "2925"]
[BlackElo "2553"]
[TimeControl "180+1"]
[EndTime "10:18:13 PDT"]
[Termination "Vaathi_Coming won by checkmate"]

1. b3 d5 2. Bb2 Nf6 3. f4 c6 4. Nf3 g6 5. e3 Bg7 6. Be2 O-O 7. O-O Nbd7 8. Ne5 Nxe5 9. Bxe5 Ne8 10. d3 Bxe5 11.
fxe5 f6 12. exf6 exf6 13. Nd2 Qb6 14. d4 Ng7 15. Bd3 Bd7 16. c3 Rae8 17. Qf3 Bf5 18. Bxf5 Nxf5 19. e4 dxe4 20. Nxe4 Kg7 21. Rae1 Qc7 22. g4 Nh6 23. Nxf6 Rd8 24. Re6 Ng8 25.
g5 Qf7 26. Qe4 Kh8 27. Rf4 Qg7 28. Qe5 h5 29. gxh6 Nxh6 30. Rh4 Rd5 31. Nxd5 Qxe5 32.
Rxe5 Kg7 33. Rxh6 Kxh6 34. Ne3 Rf3 35. Kg2 Rf4 36. Re7 c5 37. Kg3 Rf6 38. Ng4+ Kg5 39. h4+ Kf5 40. Re5# 1-0

[Event "*** SCC Grand Prix: Titled Tuesday Blitz"]
[Site "Chess.com"]
[Date "2020.07.14"]
[Round "2"]
[White "exoticprincess"]
[Black "DivyaDeshmukh23"]
[Result "1-0"]
[WhiteElo "2782"]
[BlackElo "2494"]
[TimeControl "180+1"]
[EndTime "10:18:13 PDT"]
[Termination "exoticprincess won by resignation"]

1. d4 Nf6 2. c4 e6 3. Nc3 d5 4.
cxd5 exd5 5. Bf4 Bb4 6. e3 O-O 7. Bd3 c5 8. Ne2 Nc6 9. O-O cxd4 10. exd4 Bg4 11. f3 Bh5 12. a3 Bd6 13. Qd2 Bg6 14. Bxg6 hxg6 15. b4 a6 16. Rac1 Rc8 17. Rfd1 Ne7 18. Na4 Nf5 19. Nc5 Bxf4 20. Nxf4 Rc7 21. a4 Qd6 22. a5 g5 23. Ne2 g4 24. Qf4 Qxf4 25. Nxf4 gxf3 26. gxf3 Re7 27. Kf2 Rfe8 28. Rb1 g5 29. Rg1 g4 30. fxg4 Nxd4 31. Rgd1 Ne2 32. Nxd5 Nxg4+ 33. Kf3 Nxh2+ 34. Kg2 Re5 35. Nf6+ Kh8 36.
Nxe8 Ng4 37. Rd8 Kh7 38. Rh1+ Kg6 39. Rd6+ f6 40. Nxf6 Nxf6 41. Rf1 Rg5+ 42. Kf3 Nc3 43. Ke3 Nd5+ 44. Kd2 Rg2+ 45. Kc1 Rg4 46. Nd7 Rc4+ 47.
Kb2 Rxb4+ 48. Ka3 Rb5 49. Nxf6 Rxa5+ 50. Kb3 Rb5+ 51. Ka3 Ra5+ 52. Kb2 Rb5+ 53. Kc1 Ne3 54. Ng4+ 1-0

[Event "*** SCC Grand Prix: Titled Tuesday Blitz"]
[Site "Chess.com"]
[Date "2020.07.14"]
[Round "2"]
[White "Angel_Hranitel_37"]
[Black "harlem4brew"]
[Result "1-0"]
[WhiteElo "2402"]
[BlackElo "2117"]
[TimeControl "180+1"]
[EndTime "10:18:13 PDT"]
[Termination "Angel_Hranitel_37 won by checkmate"]

1. d4 Nf6 2. Nf3 d5 3. c4 dxc4 4. e3 c5 5. Bxc4 Nc6 6. dxc5 Qxd1+ 7. Kxd1 e6 8. Ke2 Bxc5 9. a3 a5 10. b3 b6 11. Bb2 Ba6 12. Bxa6 Rxa6 13. Nc3 O-O 14.
Rac1 Ne7 15. Na4 Bd6 16. Rhd1 Bb8 17. Nd4 Ned5 18. Nb5 Ne4 19. f3 Nef6 20. g3 h5 21.
e4 Ne7 22. Bxf6 gxf6 23. Rd7 Ng6 24. f4 h4 25. Rc6 hxg3 26. hxg3 Kg7 27. Rxb6 Rxb6 28.
Nxb6 Rh8 29. Kf3 Rh3 30. Kg2 Rh8 31. Nc4 a4 32. bxa4 Rc8 33. Ne3 Nf8 34. Rb7 Ng6 35. a5 Bxf4 36. gxf4 Nxf4+ 37. Kf3 Nd3 38. a6 Ne5+ 39. Ke2 Ra8 40. Nc7 Rh8 41. a7 Rh2+ 42. Kf1 Nf3 43. a8=Q Nd2+ 44. Kg1 Nf3+ 45. Kf1 Nd2+ 46.
Ke1 Nf3+ 47. Kd1 Rd2+ 48. Kc1 Re2 49. Nxe6+ Kh7 50. Rxf7+ Kg6 51. Qg8+ Kh5 52. Rh7# 1-0

[Event "*** SCC Grand Prix: Titled Tuesday Blitz"]
[Site "Chess.com"]
[Date "2020.07.14"]
[Round "2"]
[White "Ginger_GM"]
[Black "sergivila"]
[Result "1-0"]
[WhiteElo "2630"]
[BlackElo "2358"]
[TimeControl "180+1"]
[EndTime "10:18:14 PDT"]
[Termination "Ginger_GM won by resignation"]

1. d4 d5 2. Nc3 Nf6 3. Bf4 c5 4. e3 cxd4 5. exd4 a6 6. Nf3 Nc6 7.
h3 Bf5 8. Ne5 h6 9. Ne2 Rc8 10.
c3 e6 11. Ng3 Bh7 12. Bd3 Bxd3 13. Qxd3 Bd6 14. O-O O-O 15. Rfe1 b5 16. a3 Na5 17. Re2 Nc4 18. Qf3 a5 19. Rae1 b4 20. axb4 axb4 21.
Nh5 Nxh5 22. Qxh5 Qf6 23. Bg3 Bxe5 24. dxe5 Qg6 25. Qxg6 fxg6 26. b3 Na5 27. cxb4 Nxb3 28. Rb2 Nd4 29. b5 Rb8 30. b6 Rfc8 31. f3 Rc6 32. Bf2 Nf5 33. b7 Rc7 34. Reb1 d4 35. Kf1 Kf7 36. Ke2 Ke7 37. g4 Ne3 38. Bxe3 dxe3 39.
Kxe3 g5 40. Rb6 Rc3+ 41. Kf2 Rc2+ 42. Kg3 Rc7 43. h4 gxh4+ 44. Kxh4 Kf7 45. f4 Rc4 46. R1b4 Rc1 47. Ra6 Rh1+ 48. Kg3 Rg1+ 49. Kf2 Rc1 50. Ra8 1-0

[Event "*** SCC Grand Prix: Titled Tuesday Blitz"]
[Site "Chess.com"]
[Date "2020.07.14"]
[Round "2"]
[White "aliba25"]
[Black "memer5334"]
[Result "1-0"]
[WhiteElo "2605"]
[BlackElo "2240"]
[TimeControl "180+1"]
[EndTime "10:18:14 PDT"]
[Termination "aliba25 won by resignation"]

1. Nf3 d5 2. c4 c6 3. d4 Nf6 4.
e3 Bg4 5. h3 Bxf3 6. Qxf3 e6 7.
Bd2 Bd6 8. Bd3 a6 9. Nc3 dxc4 10. Bxc4 b5 11. Bb3 O-O 12. O-O Qb6 13. Rfd1 Nbd7 14. e4 Be7 15. Bg5 h6 16. Bh4 Rfe8 17. e5 Nd5 18.
Bxe7 Rxe7 19. Ne4 c5 20. dxc5 Nxc5 21. Nxc5 Qxc5 22. Bxd5 exd5 23. Rxd5 Qc8 24. Rad1 Qe8 25. Qe4 Rc8 26. f4 g6 27. Rd6 Kg7 28. Rxa6 Rc4 29.
Qe3 Rec7 30. e6 Re7 31. Qe5+ f6 32. Qe3 Qc8 33. Ra7 Rcc7 34. Rxc7 Qxc7 35. Kh1 h5 36.
Qe4 Qc8 37. Rd6 Qc7 38. Qd4 h4 39. Rd7 Qc1+ 40. Kh2 Rxd7 41. exd7 Qe1 42. Qd3 Qc1 43. d8=Q Qxf4+ 44. Kg1 Qc1+ 45. Qf1 Qe3+ 46. Kh1 Qg5 47.
Qe7+ Kh6 48. Qexf6 Qg3 49. Q6f4+ g5 50. Qxg3 hxg3 1-0

[Event "*** SCC Grand Prix: Titled Tuesday Blitz"]
[Site "Chess.com"]
[Date "2020.07.14"]
[Round "2"]
[White "VerdeNotte"]
[Black "anon569"]
[Result "1-0"]
[WhiteElo "2783"]
[BlackElo "2319"]
[TimeControl "180+1"]
[EndTime "10:18:14 PDT"]
[Termination "VerdeNotte won on time"]

1. e4 c5 2. Nc3 Nc6 3. Nf3 d6 4. Bb5 Bd7 5. O-O g6 6. d4 cxd4 7. Nxd4 Bg7 8. Nb3 Nf6 9. Bg5 O-O 10. Nd5 Nxe4 11. Bh4 g5 12. Re1 Bf5 13. Bxg5 Nxg5 14. Bxc6 e6 15. Bxb7 Rb8 16. Ne3 Rxb7 17. Nxf5 exf5 18.
Qd5 Qd7 19. Rad1 Rd8 20. c3 Rb5 21. Qd3 Re5 22. Nd4 Rxe1+ 23. Rxe1 Bxd4 24. Qxd4 Ne6 25. Qf6 Ng7 26. h4 Re8 27. Rd1 Re6 28. Qd4 Qe7 29. g3 h6 30. Kg2 Nh5 31. Qd5 Qf6 32.
Qa8+ Kh7 33. Qxa7 Ng7 34. Qd4 Qg6 35. a4 Re4 36. Qxd6 Ne6 37. a5 Qg4 38. Kh2 Re2 39. Rd2 1-0

[Event "*** SCC Grand Prix: Titled Tuesday Blitz"]
[Site "Chess.com"]
[Date "2020.07.14"]
[Round "2"]
[White "anpospan"]
[Black "XDPS"]
[Result "0-1"]
[WhiteElo "2311"]
[BlackElo "2699"]
[TimeControl "180+1"]
[EndTime "10:18:14 PDT"]
[Termination "XDPS won on time"]

1. d4 d5 2. c4 dxc4 3. Nf3 Nf6 4.
Nc3 c5 5. d5 e6 6. e4 exd5 7.
e5 Be6 8. exf6 gxf6 9. Be2 Nc6 10. O-O d4 11. Qa4 Qa5 12. Qxa5 Nxa5 13. Nb5 Kd7 14. Rd1 a6 15. Nbxd4 cxd4 16. Nxd4 Kc7 17. Bf4+ Kb6 18. b4 cxb3 19. axb3 Nc6 20. Nxc6 bxc6 21.
Be3+ Kb7 22. Bc4 Kc7 23. Bf4+ Kb6 24. Bxe6 fxe6 25. Rd7 e5 26. Be3+ Bc5 27. Bd2 a5 28.
Bh6 Rhd8 29. Rad1 Rxd7 30. Rxd7 a4 31. bxa4 Rxa4 32. h4 Ra1+ 33. Kh2 Bxf2 34. h5 Ra7 35. Rd2 Bd4 36. Rd1 c5 37. Rf1 e4 0-1

[Event "*** SCC Grand Prix: Titled Tuesday Blitz"]
[Site "Chess.com"]
[Date "2020.07.14"]
[Round "2"]
[White "Iustin106"]
[Black "Lagmantr"]
[Result "1/2-1/2"]
[WhiteElo "2315"]
[BlackElo "2651"]
[TimeControl "180+1"]
[EndTime "10:18:14 PDT"]
[Termination "Game drawn by repetition"]

1. d4 d5 2. c4 Nf6 3. cxd5 g6 4.
Nc3 Nxd5 5. e4 Nxc3 6. bxc3 Bg7 7. Bc4 c5 8. Ne2 O-O 9. O-O Nc6 10. Be3 b6 11. dxc5 Qc7 12. Nd4 Nxd4 13. cxd4 bxc5 14.
Rc1 Bb7 15. Qc2 Rac8 16. dxc5 Rfd8 17. Rfd1 Be5 18. g3 Kg7 19. Bd5 e6 20. Bxb7 Qxb7 21. Rxd8 Rxd8 22. c6 Qa6 23. f4 Bc7 24. Qc4 Qc8 25.
Bxa7 e5 26. fxe5 Bxe5 27. Rf1 f6 28. Bb6 Rd6 29. Rc1 Rd2 30. Rc2 Rd1+ 31. Kg2 h5 32.
Qe2 Rb1 33. Bf2 h4 34. gxh4 Bf4 35. h5 g5 36. h3 Be5 37. Qg4 Qc7 38. Qd7+ Qxd7 39.
cxd7 Rd1 40. Bg3 Rxd7 41. Bxe5 fxe5 42. a4 Rd4 43. Ra2 Rxe4 44. a5 Rb4 45. a6 Rb8 46.
a7 Ra8 47. Kf3 Kh6 48. Ke4 Kxh5 49. Kxe5 Kh4 50. Ra3 Kh5 51. Kd6 Kh4 52. Ke5 Kh5 53. Kf5 Rf8+ 54. Ke5 Ra8 1/2-1/2

[Event "*** SCC Grand Prix: Titled Tuesday Blitz"]
[Site "Chess.com"]
[Date "2020.07.14"]
[Round "2"]
[White "regular_legs"]
[Black "BilodeauA"]
[Result "0-1"]
[WhiteElo "2516"]
[BlackElo "2818"]
[TimeControl "180+1"]
[EndTime "10:18:15 PDT"]
[Termination "BilodeauA won by resignation"]

1. d4 d5 2. c4 dxc4 3. Nf3 a6 4. e3 Bg4 5. Bxc4 e6 6. O-O Nc6 7. b3 Nf6 8. Bb2 Bd6 9. h3 Bh5 10. Be2 O-O 11. Nbd2 Nd5 12. Rc1 f5 13. Nc4 Nce7 14.
Nfe5 Bxe2 15. Qxe2 Nf6 16. Nd3 Ned5 17. Ba3 b5 18. Nxd6 cxd6 19. Rc6 Ne4 20. Rfc1 a5 21.
f3 Nec3 22. Qd2 b4 23. Bb2 Nxa2 24. Re1 Qd7 25. Rc2 a4 26. bxa4 Qxa4 27. e4 fxe4 28.
fxe4 b3 29. exd5 bxc2 30. dxe6 Rab8 31. d5 Qc4 32. e7 Rfe8 33. Bxg7 Qxd5 34. Be5 dxe5 35. Qg5+ Kf7 36. Qh5+ Kf6 37. Rf1+ Kxe7 38. Nxe5 c1=Q 39. Qg5+ Qxg5 0-1